 Dungeon Crawl Stone Soup version 0.22.1-1-ga44c0e5 (webtiles) character file.

4462 Kagorn the Fighter (level 10, -1/172 HPs)
             Began as an Ogre Berserker on Oct 15, 2018.
             Was a Priest of Trog.
             Slain by a steam dragon (4 damage)
             ... on level 9 of the Dungeon.
             The game lasted 00:51:11 (7710 turns).

Kagorn the Fighter (Ogre Berserker)                 Turns: 7710, Time: 00:51:12

Health: -1/172     AC:  6    Str: 31    XL:     10   Next: 37%
Magic:  0/19       EV: 13    Int:  6    God:    Trog [***...]
Gold:   221        SH:  0    Dex: 10    Spells: 9/9 levels left

rFire    . . .     SeeInvis .   x - +2 dire flail (drain)
rCold    . . .     Gourm    .   (shield currently unavailable)
rNeg     . . .     Faith    .   r - +1 robe
rPois    +         Spirit   +   (helmet restricted)
rElec    .         Reflect  .   h - scarf {Spirit}
rCorr    .         Harm     .   (gloves unavailable)
MR       +++..     Rnd*Tele +   (boots unavailable)
Stlth    ..........             B - amulet of magic regeneration
HPRegen  1.38/turn              d - ring of poison resistance
MPRegen  0.41/turn              f - ring of magical power

@: berserking, regenerating, very quick
A: large, unfitting armour, molten scales 1, agile 1, dopey 1, teleportitis 1,
tough skin 1
a: Berserk, Trog's Hand, Renounce Religion


You were on level 9 of the Dungeon.
You worshipped Trog.
Trog was most pleased with you.
You were not hungry.

You visited 1 branch of the dungeon, and saw 10 of its levels.

You collected 221 gold pieces.

Inventory:

Hand Weapons
 x - a +2 dire flail of draining (weapon)
 A - a +1 giant spiked club
 C - a +0 great mace
 D - a +4 spear of freezing
 E - a +3 short sword
 H - the +3 quarterstaff of the Eternal Warrior {distort, Int+3 Dex+5}
   (You found it on level 8 of the Dungeon)

   It warps and distorts space around it.
   Unwielding it can cause banishment or high damage.
   It affects your intelligence (+3).
   It affects your dexterity (+5).
 I - a +0 great sword
 L - a +3 long sword
 N - a +3 morningstar
Missiles
 z - 8 tomahawks of returning (quivered)
Armour
 h - a scarf of spirit shield (worn)
 r - a +1 robe (worn)
Jewellery
 d - a ring of poison resistance (left hand)
 f - a ring of magical power (right hand)
 g - an uncursed ring of positive energy {unknown}
 i - an uncursed amulet of the acrobat
 B - an amulet of magic regeneration (around neck)
Wands
 n - a wand of paralysis (11)
 q - a wand of flame (21)
 u - a wand of disintegration (20)
Scrolls
 e - 2 scrolls of fear
 l - a scroll of identify
 m - a scroll of teleportation
 t - 2 scrolls of enchant armour
Potions
 a - 2 potions of curing
 k - a potion of lignification
 o - 2 potions of might
 p - a potion of haste {unknown}
 G - a potion of heal wounds {unknown}
Comestibles
 c - 2 rations


   Skills:
 * Level 11.8 Fighting
 - Level 4.8 Long Blades
 * Level 6.8 Maces & Flails
 * Level 8.1 Dodging


You had 9 spell levels left.
You didn't know any spells.
Your spell library contained the following spells:

 Spells                   Type           Power        Failure   Level  Hunger
 Beastly Appendage        Tmut           #.....       45%         1    ##.....
 Sandblast                Erth           #.....       45%         1    ##.....
 Passwall                 Tmut/Erth      #.......     58%         2    ###....
 Sticks to Snakes         Tmut           #.......     58%         2    ###....
 Spider Form              Tmut/Pois      #.........   83%         3    ####...
 Stone Arrow              Conj/Erth      #.....       83%         3    ####...
 Ice Form                 Ice/Tmut       #.......     99%         4    #####..
 Petrify                  Tmut/Erth      #.......     99%         4    #####..
 Blade Hands              Tmut           #.........   100%        5    ######.
 Lee's Rapid Deconstruct  Erth           #.........   100%        5    ######.


Dungeon Overview and Level Annotations

Branches:
Dungeon (10/15)            Temple (0/1) D:4            Lair (0/6) D:9
    Orc: D:9-12

Altars:
Fedhas
Hepliaklqana
Ru
Trog
Uskayaw
Zin
The Shining One


Innate Abilities, Weirdness & Mutations

You are too large for most types of armour.
You have tough skin. (AC +1)
You are partially covered in molten scales. (AC +2)
You are agile. (Dex +2)
You are dopey. (Int -2)
You are occasionally teleported next to monsters.


Message History

The steam dragon breathes steam at you. The ball of steam hits you!
* * * LOW HITPOINT WARNING * * *
The jackal bites you.
* * * LOW HITPOINT WARNING * * *
A red film seems to cover your vision as you go berserk!
You feel yourself moving faster!
You feel mighty!
You feel quite a bit more hungry.
You are engulfed in a cloud of scalding steam.
* * * LOW HITPOINT WARNING * * *
The troll bites you.
* * * LOW HITPOINT WARNING * * *
The troll closely misses you. The troll claws you but does no damage.
The jackal barely misses you. The orc hits you with a trident.
* * * LOW HITPOINT WARNING * * *
The orc wizard hits you with a dagger.
* * * LOW HITPOINT WARNING * * *
The steam dragon bites you but does no damage.
The steam dragon claws you.
You die...

#......).####.#####.#........
#........##.#.#............#.
#....(...##.#>#.###.#..###.#.
#...(....##.#.#.# #.#..# #.##
#..(..........#.###.#..###.##
#............................
#(#######.#.#.#.###.#..###..#
#####.#######.#T#D#.###.#..# #..#
#..............o@o.........###..#
#####..........§#h#.###.#........
#.######.§§.................#
#####.######§...#...........##.##
#.............§............)##.##
##########.#....###.###.##..#####
#.#....###.....##..#####
##########.#...................##
#................................


You could see a troll, a steam dragon, an orc wizard, an orc and a jackal.

Vanquished Creatures
  Harold (D:8)
  2 trolls (D:9)
  A meliai (shapeshifter) (D:9)
  Prince Ribbit (D:8)
  Sigmund (D:2)
  A shadow (D:9)
  2 hungry ghosts (D:8)
  Edmund (D:5)
  An ice beast (D:9)
  An orc warrior (D:9)
  2 sky beasts
  2 phantoms (D:9)
  2 centaurs (D:9)
  4 ogres
  A bullfrog (D:6)
  A gnoll sergeant (D:9)
  A scorpion (D:6)
  8 wights
  3 crimson imps
  A centaur zombie (D:8)
  A bullfrog zombie (D:6)
  A hound (D:7)
  A jelly (D:6)
  An orc priest (D:6)
  Jessica (D:3)
  Terence (D:2)
  3 worker ants (D:9)
  2 killer bee zombies
  A hound zombie (D:8)
  12 gnolls
  7 adders
  A shadow imp (D:6)
  2 adder skeletons
  An adder zombie (D:7)
  2 worms
  A dart slug (D:1)
  3 leopard geckos
  9 orcs
  2 ball pythons
  2 bats
  4 giant cockroaches
  4 goblins
  7 hobgoblins
  13 jackals
  7 quokkas
  4 kobolds
  A quokka skeleton (D:8)
  3 rats
134 creatures vanquished.

Vanquished Creatures (others)
  2 jackals (D:10)
2 creatures vanquished.

Grand Total: 136 creatures vanquished

Notes
Turn   | Place    | Note
-------+----------+-------------------------------------------
     0 | D:1      | Kagorn the Ogre Berserker began the quest for the Orb.
     0 | D:1      | Reached XP level 1. HP: 24/24 MP: 1/1
   497 | D:1      | Reached XP level 2. HP: 33/33 MP: 2/2
   773 | D:2      | Reached XP level 3. HP: 32/40 MP: 3/3
   822 | D:2      | Noticed Terence
   833 | D:2      | Killed Terence
   833 | D:2      | Reached skill level 5 in Fighting
   857 | D:2      | Noticed Sigmund
   871 | D:2      | Killed Sigmund
   871 | D:2      | Reached skill level 6 in Fighting
   871 | D:2      | Reached XP level 4. HP: 30/52 MP: 4/4
   871 | D:2      | Reached XP level 5. HP: 34/59 MP: 5/5
  1106 | D:2      | Gained mutation: You are agile. (Dex +2) [potion of
                  | mutation]
  1106 | D:2      | Gained mutation: You are occasionally teleported next to
                  | monsters. [potion of mutation]
  1106 | D:2      | Gained mutation: You are dopey. (Int -2) [potion of
                  | mutation]
  1106 | D:2      | Gained mutation: You are partially covered in molten
                  | scales. (AC +2) [potion of mutation]
  1243 | D:2      | Reached XP level 6. HP: 61/67 MP: 6/6
  1449 | D:3      | Found a faded altar of an unknown god.
  1601 | D:3      | Found a glowing silver altar of Zin.
  1601 | D:3      | Found a bloodstained altar of Trog.
  1601 | D:3      | Found a sacrificial altar of Ru.
  1609 | D:3      | Found a hide-covered altar of Uskayaw.
  1615 | D:3      | Found a hazy altar of Hepliaklqana.
  1618 | D:3      | Found a blossoming altar of Fedhas.
  1632 | D:3      | Reached ** piety under Trog
  1779 | D:3      | Noticed Jessica
  1784 | D:3      | Killed Jessica
  2201 | D:4      | Found a staircase to the Ecumenical Temple.
  2627 | D:5      | Entered Level 5 of the Dungeon
  2726 | D:5      | Noticed Edmund
  2746 | D:5      | Killed Edmund
  2786 | D:5      | Reached skill level 7 in Fighting
  2808 | D:5      | Noticed a sky beast
  2825 | D:5      | Killed a sky beast
  2825 | D:5      | Reached skill level 1 in Maces & Flails
  2825 | D:5      | Reached XP level 7. HP: 51/78 MP: 6/7
  3183 | D:6      | Reached skill level 8 in Fighting
  3217 | D:6      | Reached XP level 8. HP: 41/88 MP: 8/8
  3272 | D:6      | Reached skill level 5 in Dodging
  4408 | D:7      | Reached skill level 9 in Fighting
  4642 | D:7      | Reached *** piety under Trog
  4646 | D:7      | Reached XP level 9. HP: 59/100 MP: 9/9
  5041 | D:7      | Found a glowing golden altar of the Shining One.
  5461 | D:8      | Paralysed by fainting for 6 turns
  5502 | D:8      | Noticed Prince Ribbit
  5530 | D:8      | Killed Prince Ribbit
  5530 | D:8      | Reached skill level 10 in Fighting
  5615 | D:8      | Got a faintly glowing quarterstaff
  5619 | D:8      | Identified the +3 quarterstaff of the Eternal Warrior
                  | {distort, Int+3 Dex+5} (You found it on level 8 of the
                  | Dungeon)
  5690 | D:8      | Reached skill level 5 in Maces & Flails
  5879 | D:8      | Noticed Harold
  5890 | D:8      | Killed Harold
  6190 | D:9      | Reached skill level 11 in Fighting
  6279 | D:9      | Reached XP level 10. HP: 114/114 MP: 10/10
  6758 | D:9      | Found a staircase to the Lair.
  7684 | D:10     | Entered Level 10 of the Dungeon
  7710 | D:9      | HP: 7/172 [troll (4)]
  7710 | D:9      | HP: 3/172 [orc wizard/dagger (2)]
  7710 | D:9      | Slain by a steam dragon

Skill      XL: |  1  2  3  4  5  6  7  8  9 10 |
---------------+-------------------------------+-----
Long Blades    | 3 4 |  4.8
Fighting       | 6 7 8 9 11 | 11.8
Dodging        | 3 4 6 7 8 |  8.1
Maces & Flails | 1 2 4 6 |  6.8

Action                   |  1- 3 |  4- 6 |  7- 9 | 10-12 || total
-------------------------+-------+-------+-------+-------++-------
Melee: Falchion          |    48 |   104 |       |       ||   152
       Dire flail        |       |    18 |   290 |    72 ||   380
Invok: Berserk           |     2 |     2 |     4 |     1 ||     9
       Trog's Hand       |       |     2 |     4 |     1 ||     7
  Use: Scroll            |       |     5 |    10 |       ||    15
       Potion            |       |     5 |     1 |     4 ||    10
  Eat: Chunk             |     1 |     5 |     6 |       ||    12
       Ration            |       |     1 |     6 |     2 ||     9
Armor: Animal skin       |     5 |     1 |       |       ||     6
       Robe              |       |    59 |    93 |    39 ||   191
       Skin              |       |       |       |     4 ||     4
Dodge: Dodged            |    29 |    93 |   255 |   108 ||   485
       Rpst.: Falchion   |    15 |    31 |       |       ||    46
